AoeStats
← elreyleproso

Arena

510419326Analyzed
2v2 RM · 2d ago on Sep 30, 2026· 75m 18s· 4 players
Game mode
Random Map
Map size
Medium (4 player)
Population
200
Speed
Normal
Resources
Standard
Victory
Conquest
Starting age
Dark Age
Ending age
Imperial Age
RankedLock teamsTeams togetherTeam positionsShared explorationLock speedFull tech treeHidden civsTurbo modeCheats
Victory
Defeat
🇩🇪 Romans · Germany
581
+16
🇩🇪 Huns · Germany
576
+35
🇦🇷 Khmer · Argentina
684
-20
🇺🇸 Koreans · United States
467
-12
Davi7422
0:34 Loom
10:08 Feudal Age
11:27 Wheelbarrow
10:37 Town Watch
11:52 Town Watch
12:48 Horse Collar
14:27 Arson
14:57 Double-Bit Axe
23:44 Castle Age
23:00 Scale Mail Armor
22:50 Fletching
23:12 Scale Barding Armor
24:10 Gold Mining
24:48 Squires
26:56 Squires
31:47 Town Patrol
35:25 Hand Cart
34:37 Man-at-Arms
38:36 Elite Skirmisher
40:01 Stone Mining
40:47 Gold Shaft Mining
39:36 Pikeman
39:38 Long Swordsman
43:45 Chain Mail Armor
43:40 Forging
43:56 Forging
49:37 Imperial Age
50:54 Husbandry
50:15 Cavalier
59:34 Heated Shot
60:06 Ballistics
60:49 Chemistry
59:55 Heated Shot
60:16 Murder Holes
60:17 Crossbowman
63:05 Arrowslits
63:33 Fletching
64:14 Chain Barding Armor
69:02 Crossbowman
74:33 Bow Saw
74:52 Thumb Ring
elreyleproso
12:12 Feudal Age
17:22 Castle Age
15:10 Loom
23:25 Town Watch
24:15 Wheelbarrow
27:56 Hand Cart
28:28 Gold Mining
28:28 Double-Bit Axe
37:10 Imperial Age
36:54 Bloodlines
36:45 Husbandry
44:15 Cavalier
46:38 Scale Barding Armor
66:12 Crossbowman
67:40 Fletching
67:50 Padded Archer Armor
68:11 Chain Barding Armor
G!N0 C@$!N0
10:35 Feudal Age
11:21 Horse Collar
11:27 Double-Bit Axe
13:01 Wheelbarrow
13:35 Wheelbarrow
15:30 Gold Mining
22:26 Castle Age
22:10 Stone Mining
24:35 Gold Shaft Mining
23:25 Man-at-Arms
24:47 Hand Cart
35:20 Imperial Age
33:10 Pikeman
34:48 Ballistas
35:16 Fletching
35:54 Ballistics
35:22 Heavy Scorpion
36:15 Siege Engineers
39:28 Conscription
41:58 Capped Ram
45:13 Chemistry
47:10 Comitatenses
46:51 Halberdier
47:31 Squires
49:39 Siege Ram
51:36 Squires
50:56 Long Swordsman
55:42 Bow Saw
55:39 Heavy Plow
56:57 Long Swordsman
58:33 Legionary
70:59 Caravan
calvindukelb
8:17 Loom
12:29 Feudal Age
13:32 Double-Bit Axe
14:17 Horse Collar
15:48 Wheelbarrow
19:22 Town Watch
19:28 Town Watch
24:44 Man-at-Arms
31:17 Castle Age
38:25 Pikeman
38:28 Long Swordsman
39:13 Squires
40:47 Light Cavalry
60:18 Stone Mining
65:41 Hand Cart
Connection lost

Rejoining the realm…

Still unreachable

The connection could not be restored.

Session expired

The server has moved on; the page needs a fresh start.